 Dungeon Crawl Stone Soup version 0.21.1-1-g345015fe64 (webtiles) character file.

582791 Oravi the Slayer (level 27, -7/306 HPs)
             Began as a Merfolk Transmuter on May 21, 2018.
             Was a High Priest of Okawaru.
             Splashed by an acid blob's acid (18 damage)
             ... created by the Royal Jelly
             ... on level 4 of the Pits of Slime on May 22, 2018.
             The game lasted 07:44:46 (72639 turns).

Oravi the Slayer (Merfolk Transmuter)              Turns: 72639, Time: 07:44:47

Health: -7/306     AC:  0    Str: 19      XL:     27
Magic:  32/40      EV: 35    Int: 23 (24) God:    Okawaru [*****.]
Gold:   5592       SH: 24    Dex: 20      Spells: 19/62 levels left

rFire    + + .     SeeInvis .   F - +9 demon trident (pierce)
rCold    + . .     Gourm    .   h - +5 shield {AC+3}
rNeg     + + .     Faith    .   (armour currently unavailable)
rPois    ∞         Spirit   .   (helmet restricted)
rElec    +         Reflect  +   l - scarf {rC+ rF+}
rCorr    .         Harm     .   (gloves currently unavailable)
MR       +++..                  (boots currently unavailable)
Stlth    +++.......             N - amulet "Oritimev" {Reflect rPois Str+4 Slay+3 SH+3}
HPRegen  1.61/turn              O - ring "Ythec" {rElec MR+ Str+3 Int+3}
MPRegen  0.27/turn              Z - ring of Tiemp {rN+ Str+2 Dex+3}

@: statue-form, heroism, corroded, very slightly contaminated, regenerating,
very slow
A: (change form in water), (swift swim), (stealthy swim), horns 1, blink, clumsy
1, deterioration 1, fire resistance 1, low mp 1, screaming 1, subdued magic 3
}: 3/15 runes: barnacled, silver, gossamer
a: End Transformation, Blink, Heroism, Finesse, Renounce Religion


You were on level 4 of the Pits of Slime.
You worshipped Okawaru.
Okawaru was extremely pleased with you.
You were hungry.
You were a stone statue.
You visited 10 branches of the dungeon, and saw 50 of its levels.
You visited the Abyss 1 time.

You collected 7236 gold pieces.
You spent 1644 gold pieces at shops.

Inventory:

Hand Weapons
 c - a +9 trishula of holy wrath
 n - a +0 demon trident of flaming
 x - a +3 demon trident of freezing
 F - a +9 demon trident of piercing (weapon)
Missiles
 a - 1124 arrows
Armour
 f - a +2 pair of boots of flying
 h - a +5 shield of protection (worn)
 i - the +0 pair of boots "Lurgheh" (melded) {rN++ Str+3 Dex+4 Stlth-}
   (Okawaru gifted it to you on level 1 of the Vaults)

   It affects your strength (+3).
   It affects your dexterity (+4).
   It greatly protects you from negative energy.
   It makes you less stealthy.
 l - a scarf of resistance (worn)
 s - a +2 helmet of see invisible
 B - the +0 pair of gloves "Xuisch Heud" (melded) {rPois Slay+2}
   (Okawaru gifted it to you on level 4 of the Vaults)

   It affects your accuracy and damage with ranged weapons and melee attacks
   (+2).
   It protects you from poison.
 I - the +4 leather armour of Monotheism {rPois Regen+}
   (You found it on level 9 of the Dungeon)

   It protects you from poison.
   It increases your rate of regeneration.
 L - the +1 robe of the Moneychanger (melded) {rPois rC+ Int+2 SInv}
   (You found it on level 12 of the Dungeon)

   It affects your intelligence (+2).
   It protects you from cold.
   It protects you from poison.
   It lets you see invisible.
Jewellery
 q - the ring "Umucua" {rCorr -Tele rF+ MR++ Slay+6}
   (You took it off a vault warden on level 5 of the Vaults)

   [ring of resist corrosion]

   It affects your accuracy and damage with ranged weapons and melee attacks
   (+6).
   It protects you from fire.
   It affects your resistance to hostile enchantments.
   It prevents most forms of teleportation.
 N - the amulet "Oritimev" (around neck) {Reflect rPois Str+4 Slay+3 SH+3}
   (You took it off a spriggan on level 4 of the Depths)

   [amulet of reflection]

   It shields you and reflects attacks.
   It affects your strength (+4).
   It affects your accuracy and damage with ranged weapons and melee attacks
   (+3).
   It protects you from poison.
   It affects your SH (+3).
 O - the ring "Ythec" (left hand) {rElec MR+ Str+3 Int+3}
   (You took it off a deep elf sorcerer on level 3 of the Elven Halls)

   [ring of strength]

   It affects your strength (+3).
   It affects your intelligence (+3).
   It insulates you from electricity.
   It affects your resistance to hostile enchantments.
 T - the ring of Fyon {+Fly rPois MR+ Str-2 Slay+2}
   (You took it off a vampire knight on level 3 of the Depths)

   [ring of protection from magic]

   It affects your strength (-2).
   It affects your accuracy and damage with ranged weapons and melee attacks
   (+2).
   It protects you from poison.
   It affects your resistance to hostile enchantments.
   It lets you fly.
 Z - the ring of Tiemp (right hand) {rN+ Str+2 Dex+3}
   (You took it off a merfolk on level 1 of the Shoals)

   [ring of dexterity]

   It affects your strength (+2).
   It affects your dexterity (+3).
   It protects you from negative energy.
Wands
 y - a wand of digging (40)
Scrolls
 b - 5 scrolls of magic mapping
 e - 12 scrolls of teleportation
 j - 9 scrolls of fog
 v - 14 scrolls of remove curse
 R - 9 scrolls of fear
 S - 10 scrolls of identify
Potions
 k - 2 potions of invisibility
 m - 3 potions of might
 p - 5 potions of berserk rage
 r - 2 potions of flight
 t - 4 potions of ambrosia
 w - 5 potions of haste
 z - 3 potions of cancellation
 A - 9 potions of curing
 C - 7 potions of brilliance
 D - 3 potions of magic
 E - a potion of heal wounds
 G - 4 potions of resistance
 U - 3 potions of agility
Comestibles
 d - 49 rations


   Skills:
 + Level 23.6(27) Fighting
 - Level 22.0(27) Polearms
 - Level 22.0(27) Dodging
 - Level 15.0(20.0) Shields
 - Level 10.0(15.0) Unarmed Combat
 + Level 18.2 Spellcasting
 - Level 5.0 Hexes
 - Level 5.0 Charms
 - Level 5.0 Necromancy
 - Level 5.0 Translocations
 - Level 16.2 Transmutations
 - Level 5.0 Ice Magic
 - Level 10.8 Earth Magic
 - Level 5.0 Poison Magic
 - Level 8.0 Invocations


You had 19 spell levels left.
You knew the following spells:

 Your Spells              Type           Power        Failure   Level  Hunger
a - Statue Form           Tmut/Erth      #####....    1%          6    ####...
b - Sticks to Snakes      Tmut           ######..     0%          2    None
c - Ice Form              Ice/Tmut       #####...     1%          4    None
d - Blade Hands           Tmut           ######....   0%          5    None
e - Spider Form           Tmut/Pois      #####.....   0%          3    None
f - Regeneration          Chrm/Necr      ###.......   1%          3    None
g - Yara's Violent Unrav  Hex/Tmut       #####.....   1%          5    None
h - Blink                 Tloc           N/A          1%          2    None
i - Lee's Rapid Deconstr  Erth           #####.....   1%          5    None
j - Alistair's Intoxicat  Tmut/Pois      #####...     1%          5    None
k - Spectral Weapon       Hex/Chrm       ###.....     1%          3    None


Dungeon Overview and Level Annotations

Branches:
Dungeon (15/15)            Temple (1/1) D:4            Lair (6/6) D:11
 Shoals (4/4) Lair:2       Spider (4/4) Lair:4        Slime (5/5) Lair:6
    Orc (2/2) D:10            Elf (3/3) Orc:2        Vaults (5/5) D:14
  Crypt (0/3) Vaults:2     Depths (5/5) D:15            Zot (0/5) Depths:5

Altars:
Ashenzari
Cheibriados
Dithmenos
Elyvilon
Fedhas
Gozag
Hepliaklqana
Kikubaaqudgha
Makhleb
Nemelex Xobeh
Okawaru
Qazlal
Ru
Sif Muna
Trog
Uskayaw
Vehumet
Wu Jian
Xom
Yredelemnul
Zin
The Shining One
Jiyva

Shops:
D:4 =%   D:8 ?   D:12 (}?   Orc:2 *=[(   Elf:1 [*?[   Vaults:1 }*=*
Depths:5 [?(

Portals:
Hell: Depths:1 Depths:2 Depths:3 Depths:5
Abyss: Depths:1
Pandemonium: Depths:3
Ziggurat: Depths:2

Annotations:
Depths:4 1 runed door


Innate Abilities, Weirdness & Mutations

((You revert to your normal form in water.))
((You are very nimble and swift while swimming.))
((You are very stealthy in the water. (Stealth+)))
You have a pair of small horns on your head.
You can translocate small distances at will.
You are clumsy. (Dex -2)
Your body sometimes deteriorates upon taking damage.
Your flesh is heat resistant. (rF+)
Your magical capacity is low. (-10% MP)
You occasionally shout uncontrollably at your foes.
Your spells are much easier to cast, but much less powerful.


Message History

You are splashed with acid!
The acid burns!
* * * LOW HITPOINT WARNING * * *
You feel much better. The acid blob spits acid at you.
The splash of acid hits you!
* * * LOW HITPOINT WARNING * * *
You are splashed with acid!
The acid burns!
* * * LOW HITPOINT WARNING * * *
The acid blob spits acid at you. The splash of acid misses you.
Okay, then.
Cast which spell? (? or * to list)
Your skin crawls.
The acid blob spits acid at you. The splash of acid misses you.
The acid blob spits acid at you. The splash of acid hits you!
* * * LOW HITPOINT WARNING * * *
The acid corrodes you!
You are splashed with acid!
The acid burns!
You die...

.....#.....##.#....###...##
.....##....#......## #.##
......#...J##....######.##
.###.#......###...#.#....##
#####.......####.#........##
###..#.##....#...#.........#
##....##....JJ.............#
....................<.....##
##..............8.......###
#......................##
.......................#
.......................#
...................#..##
...............#..#...## #
..............#....#.#.##.##
..............#....#.......#
.......<>....###.......##.


You could see 2 acid blobs.

Vanquished Creatures
  the Royal Jelly (Slime:5)
  Mennas (Depths:5)
  An ancient lich (Vaults:5)
  4 juggernauts
  Sojobo (Depths:5)
  Saint Roka (Orc:2)
  Bai Suzhen (Shoals:4)
  Margery (Vaults:5)
  A caustic shrike (Depths:4)
  6 golden dragons
  Nikola (Elf:2)
  A bone dragon (Depths:5)
  Jory (Depths:4)
  3 liches
  Jorgrun (Spider:3)
  A tentacled monstrosity (Depths:4)
  19 acid blobs
  A deep elf master archer (Elf:3)
  5 titans
  Asterion (Spider:1)
  Frances (Spider:2)
  6 sphinxes
  A quicksilver dragon (Vaults:5)
  4 tentacled starspawn (Abyss:2)
  6 krakens
  2 storm dragons (Depths:5)
  5 shadow dragons
  Roxanne (Shoals:1)
  Kirke (Shoals:1)
  14 fire giants
  8 tengu reavers
  Ilsuiw (Shoals:4)
  7 azure jellies
  10 frost giants
  4 ghost moths (Spider:4)
  11 deep elf sorcerers
  2 orc warlords (Orc:2)
  A cacodemon (Abyss:2)
  An emperor scorpion (Spider:4)
  8 deep elf elementalists
  2 iron dragons
  25 stone giants
  16 vault wardens
  16 ironheart preservers
  2 draconian shifters (Depths:5)
  24 very ugly things
  2 entropy weavers
  2 deep elf demonologists
  97 slime creatures
  A white draconian (Depths:5)
  5 vampire knights
  2 black draconians (Depths:5)
  Azrael (D:15)
  11 deep elf annihilators
  4 purple draconians (Depths:5)
  8 spark wasps
  7 merfolk javelineers
  6 deep elf death magi
  8 ettins
  3 death oozes (Slime:4)
  13 yaktaur captains
  9 merfolk impalers
  2 jiangshi (Depths:1)
  7 deep elf high priests
  A rakshasa (Vaults:1)
  17 great orbs of eyes
  11 fire dragons
  7 hydras
  3 spriggan air magi
  6 ice dragons
  32 vault guards
  5 merfolk avatars
  3 death knights
  14 centaur warriors
  5 large abominations
  17 ogre magi
  39 two-headed ogres
  A satyr (Shoals:3)
  11 deep troll shamans
  A titan zombie (Depths:2)
  25 dancing weapons
  7 merfolk aquamancers
  2 tengu warriors
  A satyr (shapeshifter) (Depths:3)
  A thrashing horror (Abyss:2)
  11 deep troll earth magi
  2 orc high priests
  Urug (D:10)
  4 vampire magi
  A shock serpent (Depths:2)
  A shock serpent (shapeshifter) (Vaults:5)
  6 spriggans (Depths:4)
  13 hell knights
  A soul eater (Depths:2)
  8 spriggan berserkers
  11 iron trolls
  The ghost of Tali the Cleaver, a novice MiFi of Trog (D:7)
  20 deep elf knights
  A shadow wraith (Vaults:2)
  7 skeletal warriors
  21 sea snakes
  A gelid demonspawn (Depths:3)
  2 death drakes (shapeshifter)
  2 unseen horrors
  47 deep trolls
  3 flayed ghosts
  A swamp dragon (shapeshifter) (Vaults:5)
  11 deep elf archers
  A glowing orange brain (shapeshifter) (Vaults:4)
  5 glowing orange brains
  An orange crystal statue (Vaults:1)
  A kraken simulacrum (Shoals:4)
  2 wizards
  12 orc knights
  31 harpies
  A tengu zombie (D:15)
  3 phantasmal warriors
  A golden dragon skeleton (D:15)
  Pikel (D:6)
  A harpy (shapeshifter) (Depths:3)
  7 necromancers
  23 ironbrand convokers
  7 shining eyes
  58 ugly things
  A salamander (Depths:4)
  16 wolf spiders
  9 manticores
  8 orb spiders
  13 cyclopes
  A worldbinder (Abyss:2)
  2 moths of wrath
  A moth of wrath (shapeshifter) (Vaults:4)
  A faun (shapeshifter) (Depths:3)
  9 orc sorcerers
  A shining eye (shapeshifter) (Depths:4)
  52 deep elf magi
  18 fauns
  2 fire giant skeletons (Depths:2)
  A centaur zombie (D:14)
  A rust devil (Depths:3)
  An eye of devastation (Slime:4)
  8 water nymphs
  17 merfolk sirens
  An elephant (shapeshifter) (Vaults:5)
  4 black mambas
  A frost giant skeleton (D:15)
  16 vault sentinels
  25 spiny frogs
  10 elephants
  An orange demon (Depths:3)
  A torpor snail (Spider:3)
  4 komodo dragons
  2 kobold demonologists
  A rime drake (Lair:2)
  11 demonic crawlers
  2 hellions
  9 freezing wraiths
  A guardian mummy (D:15)
  61 yaktaurs
  6 tengu conjurers
  2 red devils
  4 tyrant leeches (Lair:6)
  25 jumping spiders
  9 trolls
  An ancient zyme (Abyss:2)
  A queen bee (Depths:4)
  A troll (shapeshifter) (Vaults:5)
  13 hornets
  3 wind drakes
  A meliai (shapeshifter) (Depths:2)
  30 merfolk
  A wind drake (shapeshifter) (Vaults:4)
  2 polar bears (shapeshifter)
  A polar bear (Lair:5)
  18 blink frogs
  4 raiju (Depths:2)
  A spriggan zombie (D:15)
  Grinder (D:6)
  A dream sheep (shapeshifter) (Vaults:2)
  An iron dragon simulacrum (Depths:2)
  A raiju (shapeshifter) (D:15)
  6 hippogriffs
  10 snapping turtles
  A stone giant simulacrum (Vaults:3)
  8 dream sheep
  Sigmund (D:4)
  A shadow (D:15)
  11 starcursed masses (Abyss:2)
  63 redbacks
  22 tarantellas
  5 vampires
  22 water elementals
  11 air elementals
  21 yaks
  An elf zombie (Depths:2)
  3 fire bats (Abyss:2)
  A spriggan (shapeshifter) (Depths:2)
  5 wraiths
  2 golden eyes (Slime:3)
  A yak (shapeshifter) (Vaults:3)
  2 wyverns
  A human (D:9)
  2 basilisks
  A chaos spawn (Depths:3)
  3 fire elementals
  A neqoxec (Abyss:2)
  6 vampire mosquitoes (Lair:6)
  2 hungry ghosts
  6 wargs
  Edmund (D:4)
  11 water moccasins
  A soldier ant (shapeshifter) (Depths:1)
  5 swamp worms (Lair:2)
  An acid dragon (D:13)
  6 hell hounds
  Duvessa (D:6)
  11 porcupines
  34 orc warriors
  2 small abominations
  9 eyes of draining
  13 ice beasts
  2 phantoms
  3 black bears
  10 boggarts
  2 sky beasts
  28 wolves
  A hornet zombie (D:15)
  A tengu (shapeshifter) (Vaults:5)
  34 ogres
  The ghost of Hawkwind the Magician, an amateur DrFE (D:5)
  21 centaurs
  14 crocodiles
  20 bullfrogs
  3 big kobolds
  A gnoll sergeant (D:12)
  Dowan (D:6)
  4 earth elementals
  3 scorpions
  A scorpion (shapeshifter) (Vaults:2)
  32 killer bees
  5 electric eels
  A howler monkey (D:7)
  8 crimson imps
  A jelly (D:9)
  3 hounds
  A gnoll shaman (D:7)
  5 centaur skeletons
  An iron imp (Depths:3)
  7 orc priests
  5 bullfrog skeletons
  4 iguanas
  19 orc wizards
  10 worker ants
  A killer bee zombie (D:6)
  A hound zombie (D:10)
  A hound skeleton (D:5)
  12 adders
  9 gnolls
  6 shadow imps
  A white imp (Depths:3)
  3 ufetubi (Depths:3)
  2 oozes
  2 adder skeletons (D:4)
  15 worms
  5 dart slugs
  3 leopard geckos
  96 orcs
  9 bats
  4 giant cockroaches
  9 goblins
  4 hobgoblins
  6 jackals
  14 kobolds
  4 quokkas
  5 frilled lizards
  A giant cockroach zombie (D:6)
  5 rats
  4 crawling corpses
  6 plants
  A spectral weapon (Depths:3)
  2 starspawn tentacles (Abyss:2)
2195 creatures vanquished.

Vanquished Creatures (collateral kills)
  A merfolk javelineer (Shoals:3)
  A hydra (Lair:6)
  A sea snake (Shoals:4)
  2 orb spiders
  A cyclops (Shoals:1)
  4 manticores
  2 fauns (Shoals:1)
  A torpor snail (Lair:5)
  4 merfolk
  8 dream sheep
  A basilisk (Lair:3)
  7 hogs (Shoals:1)
  A giant cockroach (D:6)
34 creatures vanquished.

Vanquished Creatures (others)
  A sphinx (Vaults:4)
  A very ugly thing (Depths:2)
  A deep elf demonologist (Elf:3)
  A deep elf high priest (Elf:3)
  A great orb of eyes (Vaults:1)
  A spriggan air mage (Depths:2)
  A deep elf knight (Elf:1)
  An ugly thing (Depths:2)
  An air elemental (Elf:3)
  A tarantella (Spider:2)
  A fire bat (Abyss:2)
  A slave (D:8)
  3 boggarts
  An ogre (Vaults:1)
  A killer bee (Depths:4)
  A crimson imp (D:8)
  A shadow imp (Depths:3)
  2 orcs (D:8)
  A butterfly (Lair:3)
  A crawling corpse (Elf:3)
  51 fungi
  70 plants
  94 spectral weapons
  7 starspawn tentacles (Abyss:2)
  18 tentacles
263 creatures vanquished.

Grand Total: 2492 creatures vanquished

Notes
Turn   | Place    | Note
-------+----------+-------------------------------------------
     0 | D:1      | Oravi the Merfolk Transmuter began the quest for the Orb.
     0 | D:1      | Reached XP level 1. HP: 15/15 MP: 3/3
   501 | D:1      | Reached XP level 2. HP: 18/21 MP: 3/5
  1495 | D:2      | Reached XP level 3. HP: 21/26 MP: 4/6
  1499 | D:2      | Learned a level 2 spell: Sticks to Snakes
  1503 | D:2      | Learned a level 3 spell: Spider Form
  1550 | D:2      | Found a glowing silver altar of Zin.
  1677 | D:2      | Reached skill level 5 in Transmutations
  2030 | D:2      | Reached XP level 4. HP: 32/32 MP: 3/7
  2798 | D:2      | Reached XP level 5. HP: 22/37 MP: 5/8
  3799 | D:4      | Noticed Sigmund
  3861 | D:4      | Killed Sigmund
  3861 | D:4      | Reached skill level 2 in Fighting
  3861 | D:4      | Reached XP level 6. HP: 34/46 MP: 0/9
  4034 | D:4      | Reached skill level 5 in Unarmed Combat
  4113 | D:4      | Found a blossoming altar of Fedhas.
  4207 | D:4      | Found Lidden's Jewellery Shop.
  4257 | D:4      | Reached skill level 3 in Fighting
  4472 | D:4      | Found a shadowy altar of Dithmenos.
  4472 | D:4      | Found a bloodstained altar of Trog.
  4477 | D:4      | Found a faded altar of an unknown god.
  4484 | D:4      | Found a faded altar of an unknown god.
  4485 | D:4      | Found an opulent altar of Gozag.
  4609 | D:4      | Found a staircase to the Ecumenical Temple.
  4625 | Temple   | Entered the Ecumenical Temple
  4646 | Temple   | Became a worshipper of Warmaster Okawaru
  4749 | D:4      | Reached XP level 7. HP: 52/52 MP: 6/10
  4764 | D:4      | Noticed Edmund
  4779 | D:4      | Killed Edmund
  4779 | D:4      | Reached skill level 5 in Dodging
  5041 | D:4      | Found Xykatze's Food Boutique.
  5181 | D:5      | Entered Level 5 of the Dungeon
  5261 | D:5      | Reached skill level 4 in Fighting
  5275 | D:5      | Found an ancient bone altar of Kikubaaqudgha.
  5336 | D:5      | Reached * piety under Okawaru
  5497 | D:5      | Noticed Hawkwind's ghost (amateur DrFE)
  5665 | D:5      | Found a shimmering altar of Xom.
  5729 | D:5      | Killed Hawkwind's ghost
  5729 | D:5      | Reached XP level 8. HP: 43/61 MP: 1/11
  6167 | D:6      | Noticed Duvessa
  6167 | D:6      | Noticed Dowan
  6168 | D:6      | Noticed Grinder
  6190 | D:6      | Killed Duvessa
  6190 | D:6      | Reached skill level 5 in Fighting
  6196 | D:6      | Killed Dowan
  6204 | D:6      | Paralysed by Grinder for 5 turns
  6210 | D:6      | Paralysed by Grinder for 5 turns
  6224 | D:6      | Paralysed by Grinder for 5 turns
  6728 | D:6      | Reached ** piety under Okawaru
  6829 | D:6      | Paralysed by Grinder for 5 turns
  7133 | D:6      | Paralysed by Grinder for 3 turns
  7138 | D:6      | Killed Grinder
  7235 | D:6      | Found a white marble altar of Elyvilon.
  7235 | D:6      | Noticed Pikel
  7245 | D:6      | Killed Pikel
  7245 | D:6      | Reached skill level 6 in Fighting
  7245 | D:6      | Reached XP level 9. HP: 57/71 MP: 8/12
  7359 | D:6      | Reached *** piety under Okawaru
  7814 | D:7      | Reached skill level 7 in Fighting
  8165 | D:7      | Noticed Tali's ghost (novice MiFi)
  8538 | D:7      | Found a hide-covered altar of Uskayaw.
  9294 | D:8      | Found Maxtap's Magic Scroll Shop.
  9458 | D:8      | Reached skill level 8 in Fighting
  9739 | D:8      | Reached **** piety under Okawaru
  9883 | D:9      | Reached skill level 10 in Dodging
  9883 | D:9      | Reached XP level 10. HP: 67/80 MP: 10/13
 10483 | D:9      | Found a sparkling altar of Nemelex Xobeh.
 10593 | D:9      | Noticed a two-headed ogre
 10603 | D:9      | Killed a two-headed ogre
 10603 | D:9      | Reached ***** piety under Okawaru
 10603 | D:9      | Reached skill level 9 in Fighting
 10603 | D:9      | Reached skill level 10 in Unarmed Combat
 10790 | D:9      | Got a steaming leather armour
 10791 | D:9      | Identified the +4 leather armour of Monotheism {rPois Regen+} (You found it on level 9 of the Dungeon)
 10836 | D:10     | Entered Level 10 of the Dungeon
 10883 | D:10     | Found a staircase to the Orcish Mines.
 10885 | D:10     | Noticed a two-headed ogre
 10900 | D:10     | Killed a two-headed ogre
 11084 | D:10     | Noticed a two-headed ogre
 11098 | D:10     | Killed a two-headed ogre
 11289 | D:10     | Reached XP level 11. HP: 53/89 MP: 13/16
 11919 | D:10     | Learned a level 4 spell: Ice Form
 11925 | D:10     | Learned a level 5 spell: Blade Hands
 11988 | D:10     | Noticed Urug
 12009 | D:10     | Killed Urug
 12794 | D:11     | Reached ****** piety under Okawaru
 12794 | D:11     | Received a gift from Okawaru
 12832 | D:11     | Reached skill level 5 in Spellcasting
 13169 | D:11     | Found a staircase to the Lair.
 13705 | D:12     | Got a thick robe
 13719 | D:12     | Found Buuvejid's Magic Scroll Shop.
 13736 | D:12     | Bought a scroll of enchant armour for 105 gold pieces
 13755 | D:12     | Found Ocicihud's Gadget Emporium.
 13798 | D:12     | Found Izus's Weapon Shoppe.
 14156 | D:13     | Noticed a cyclops
 14242 | D:13     | Killed a cyclops
 14242 | D:13     | Reached skill level 10 in Transmutations
 14271 | D:13     | Got an ancient scythe
 14401 | D:13     | Noticed a centaur warrior
 14415 | D:13     | Killed a centaur warrior
 14510 | D:13     | Noticed a deep elf mage
 14511 | D:13     | Noticed a tengu warrior
 14541 | D:13     | Killed a tengu warrior
 14541 | D:13     | Received a gift from Okawaru
 14541 | D:13     | Reached XP level 12. HP: 72/95 MP: 17/21
 14841 | D:13     | Noticed a death knight
 14857 | D:13     | Killed a death knight
 14969 | D:13     | Reached skill level 15 in Dodging
 15319 | D:13     | Identified a scroll of acquirement
 15408 | D:14     | Reached skill level 1 in Ice Magic
 15492 | D:14     | Noticed a centaur warrior
 15500 | D:14     | Killed a centaur warrior
 15557 | D:14     | Received a gift from Okawaru
 15560 | D:14     | Got a dazzling ring mail {god gift}
 15628 | D:14     | Reached skill level 5 in Ice Magic
 15725 | D:14     | Noticed a six-headed hydra
 15968 | D:8      | Bought a scroll of identify for 20 gold pieces
 15968 | D:8      | Bought a scroll of identify for 20 gold pieces
 15968 | D:8      | Bought a scroll of identify for 20 gold pieces
 15968 | D:8      | Identified the +1 robe of the Moneychanger {rPois rC+ Int+2 SInv} (You found it on level 12 of the Dungeon)
 16137 | Lair:1   | Entered Level 1 of the Lair of Beasts
 17156 | Lair:2   | Found a staircase to the Shoals.
 17275 | Lair:2   | Reached XP level 13. HP: 89/101 MP: 19/22
 18411 | Lair:3   | Received a gift from Okawaru
 18740 | Lair:3   | Found a radiant altar of Vehumet.
 19740 | Lair:4   | Received a gift from Okawaru
 19761 | Lair:4   | Found a hole to the Spider Nest.
 20476 | Lair:5   | Reached skill level 1 in Invocations
 21211 | Lair:6   | Entered Level 6 of the Lair of Beasts
 21429 | Lair:6   | Reached skill level 5 in Invocations
 21593 | Lair:6   | Reached XP level 14. HP: 108/108 MP: 23/23
 21667 | Lair:6   | Received a gift from Okawaru
 21673 | Lair:6   | Got a distressingly furry scale mail {god gift}
 23095 | Lair:6   | Found a staircase to the Slime Pits.
 24751 | D:14     | Found a gate to the Vaults.
 24823 | D:14     | Found a shadowy altar of Dithmenos.
 24961 | D:14     | Received a gift from Okawaru
 25667 | D:15     | Entered Level 15 of the Dungeon
 25774 | D:14     | Reached skill level 10 in Fighting
 25894 | D:15     | Found a staircase to the Depths.
 26006 | D:15     | Reached XP level 15. HP: 96/116 MP: 26/26
 26365 | D:15     | Noticed Azrael
 26375 | D:15     | Killed Azrael
 26534 | D:15     | Found a shadowy altar of Dithmenos.
 26534 | D:15     | Identified the Tome of the Volcanoes
 27430 | D:7      | Killed Tali's ghost
 27430 | D:7      | Received a gift from Okawaru
 27660 | Orc:1    | Entered Level 1 of the Orcish Mines
 27728 | Orc:1    | Reached skill level 11 in Fighting
 28244 | Orc:2    | Entered Level 2 of the Orcish Mines
 28276 | Orc:2    | Found Gaenosh's General Store.
 28416 | Orc:2    | Paralysed by an orc sorcerer for 3 turns
 28521 | Orc:2    | Noticed an orc warlord
 28551 | Orc:2    | Killed an orc warlord
 28617 | Orc:2    | Paralysed by an orc sorcerer for 4 turns
 28757 | Orc:2    | Noticed Saint Roka
 29152 | Orc:2    | Killed Saint Roka
 29281 | Orc:2    | Found Sokuceup's Antique Armour Emporium.
 29312 | Orc:2    | Noticed an orc warlord
 29321 | Orc:2    | Killed an orc warlord
 29354 | Orc:2    | Found a staircase to the Elven Halls.
 29411 | Orc:2    | Found Werero's Antique Weapon Shoppe.
 29488 | Orc:2    | Found Aplomoih's Jewellery Shoppe.
 29620 | Orc:2    | Bought the amulet of Qero {*Contam Regen+ Str+5 Dex+6} for 654 gold pieces
 29792 | Shoals:1 | Entered Level 1 of the Shoals
 29806 | Shoals:1 | Reached skill level 12 in Fighting
 30514 | Shoals:1 | Noticed Roxanne
 30573 | Shoals:1 | Killed Roxanne
 30578 | Shoals:1 | Reached XP level 16. HP: 129/129 MP: 18/29
 30590 | Shoals:1 | Learned a level 6 spell: Statue Form
 30721 | Shoals:1 | Noticed Kirke
 30733 | Shoals:1 | Killed Kirke
 30733 | Shoals:1 | Received a gift from Okawaru
 30733 | Shoals:1 | Reached skill level 1 in Earth Magic
 31005 | Shoals:1 | Got a smoking bone ring
 31449 | Shoals:1 | Identified the ring of Tiemp {rN+ Str+2 Dex+3} (You took it off a merfolk on level 1 of the Shoals)
 32175 | Shoals:2 | Reached skill level 5 in Earth Magic
 32636 | Shoals:2 | Got a pair of ancient boots
 32637 | Shoals:2 | Identified the +1 pair of boots "Put-Me-On" {rC+++ rCorr Str-4 Slay-3} (You found it on level 2 of the Shoals)
 32754 | Shoals:2 | Received a gift from Okawaru
 33917 | Shoals:3 | Noticed a kraken
 33920 | Shoals:3 | Noticed a kraken
 33929 | Shoals:3 | Killed a kraken
 34717 | Shoals:3 | Noticed a kraken
 34717 | Shoals:3 | Noticed a kraken
 34772 | Shoals:3 | Reached XP level 17. HP: 135/135 MP: 23/30
 34825 | Shoals:3 | Killed a kraken
 34896 | Shoals:3 | Received a gift from Okawaru
 34901 | Shoals:3 | Got a pair of fine boots {god gift}
 34902 | Shoals:3 | Identified the +2 pair of boots of Royalty {*Drain MR- Regen+ Str+7} (Okawaru gifted it to you on level 3 of the Shoals)
 34986 | Shoals:3 | Killed a kraken
 35172 | Shoals:3 | Killed a kraken
 35590 | Shoals:4 | Entered Level 4 of the Shoals
 35952 | Shoals:4 | Noticed a kraken
 35968 | Shoals:4 | Killed a kraken
 36452 | Shoals:4 | Noticed Bai Suzhen
 36484 | Shoals:4 | Killed Bai Suzhen
 36780 | Shoals:4 | Noticed a kraken
 36793 | Shoals:4 | Killed a kraken
 36793 | Shoals:4 | Reached skill level 15 in Transmutations
 36914 | Shoals:4 | Noticed Ilsuiw
 36963 | Shoals:4 | Reached skill level 10 in Earth Magic
 36974 | Shoals:4 | Killed Ilsuiw
 37724 | Shoals:4 | Received a gift from Okawaru
 37915 | Shoals:4 | Got a barnacled rune of Zot
 37956 | Shoals:4 | Reached XP level 18. HP: 122/141 MP: 31/31
 38794 | Spider:1 | Entered Level 1 of the Spider Nest
 38810 | Spider:1 | Reached skill level 1 in Polearms
 38876 | Spider:1 | Reached skill level 1 in Shields
 39016 | Spider:1 | Noticed Asterion
 39034 | Spider:1 | Killed Asterion
 39411 | Spider:2 | Received a gift from Okawaru
 39413 | Spider:2 | Got a crude chain mail {god gift}
 39589 | Spider:2 | Noticed Frances
 39601 | Spider:2 | Killed Frances
 39601 | Spider:2 | Reached skill level 5 in Polearms
 39973 | Spider:3 | Noticed Jorgrun
 39983 | Spider:3 | Killed Jorgrun
 40441 | Spider:4 | Entered Level 4 of the Spider Nest
 40457 | Spider:4 | Reached skill level 10 in Polearms
 41494 | Spider:4 | Received a gift from Okawaru
 41495 | Spider:4 | Got an iridescent glaive {god gift}
 41642 | Spider:4 | Identified the +0 glaive of Resourcefulness {chop, +Inv rC+} (Okawaru gifted it to you on level 4 of the Spider Nest)
 41879 | Spider:4 | Got a gossamer rune of Zot
 42314 | Vaults:1 | Entered Level 1 of the Vaults
 42319 | Vaults:1 | Reached XP level 19. HP: 147/147 MP: 26/32
 42337 | Vaults:1 | Received a gift from Okawaru
 42666 | Vaults:1 | Reached skill level 13 in Fighting
 42758 | Vaults:1 | Reached skill level 15 in Polearms
 42878 | Vaults:1 | Received a gift from Okawaru
 42933 | Vaults:1 | Found Joitzuas's General Store.
 43121 | Vaults:1 | Reached skill level 14 in Fighting
 43142 | Vaults:1 | Received a gift from Okawaru
 43182 | Vaults:1 | Got a pair of translucent boots {god gift}
 43183 | Vaults:1 | Identified the +0 pair of boots "Lurgheh" {rN++ Str+3 Dex+4 Stlth-} (Okawaru gifted it to you on level 1 of the Vaults)
 43357 | Vaults:1 | Found Azxaraats's Gadget Emporium.
 43570 | Vaults:1 | Found Yremanif's Assorted Antiques.
 43663 | Vaults:1 | Found Hoysosm's Jewellery Emporium.
 43915 | Vaults:2 | Found a staircase to the Crypt.
 44446 | Vaults:2 | Reached skill level 15 in Fighting
 44454 | Vaults:2 | Reached XP level 20. HP: 162/162 MP: 33/33
 45476 | Vaults:2 | Received a gift from Okawaru
 45666 | Vaults:2 | Identified Puhaah's Disquisition on the Shifting Voyage
 45887 | Vaults:3 | Reached skill level 16 in Fighting
 47193 | Vaults:3 | Learned a level 5 spell: Alistair's Intoxication
 47199 | Vaults:3 | Learned a level 5 spell: Yara's Violent Unravelling
 47202 | Vaults:3 | Learned a level 2 spell: Blink
 47326 | Vaults:4 | Reached skill level 10 in Spellcasting
 47330 | Vaults:4 | Reached skill level 1 in Hexes
 47330 | Vaults:4 | Reached skill level 1 in Poison Magic
 47577 | Vaults:4 | Received a gift from Okawaru
 47811 | Vaults:4 | Reached XP level 21. HP: 173/173 MP: 21/35
 48080 | Vaults:4 | Received a gift from Okawaru
 48080 | Vaults:4 | Reached skill level 17 in Fighting
 48080 | Vaults:4 | Reached skill level 1 in Translocations
 48960 | Elf:1    | Entered Level 1 of the Elven Halls
 49099 | Elf:1    | Found Oma Ytek's General Store.
 49103 | Elf:1    | Found Tyfoij's Armour Shop.
 49103 | Elf:1    | Found Widemu's Antique Armour Shop.
 49103 | Elf:1    | Found Mottuumn's Magic Scroll Shop.
 49171 | Elf:1    | Bought a potion of heal wounds for 50 gold pieces
 49171 | Elf:1    | Bought a scroll of blinking for 75 gold pieces
 49482 | Elf:1    | Identified Huezaude's Disquisition on Confrontation
 49854 | Elf:2    | Noticed Nikola
 49863 | Elf:2    | Killed Nikola
 49873 | Elf:2    | Reached skill level 5 in Poison Magic
 50193 | Elf:2    | Found a huge runed gate.
 50193 | Elf:2    | Found a huge runed gate.
 50195 | Elf:2    | Found a huge runed gate.
 50196 | Elf:2    | Found a huge runed gate.
 50197 | Elf:2    | Found a huge runed gate.
 50325 | Elf:2    | Received a gift from Okawaru
 50336 | Elf:2    | Reached skill level 5 in Hexes
 50698 | Elf:3    | Entered Level 3 of the Elven Halls
 50863 | Elf:3    | Found a magical portal.
 51178 | Elf:3    | Reached XP level 22. HP: 182/182 MP: 37/37
 51344 | Elf:3    | Received a gift from Okawaru
 51345 | Elf:3    | Got a polished ring mail {god gift}
 51348 | Elf:3    | Got a brightly glowing brass ring
 51394 | Elf:3    | Reached skill level 5 in Translocations
 51915 | Elf:3    | Got a wavering copper ring
 51931 | Elf:3    | Reached skill level 18 in Fighting
 52190 | D:11     | Identified the ring "Ythec" {rElec MR+ Str+3 Int+3} (You took it off a deep elf sorcerer on level 3 of the Elven Halls)
 52191 | D:11     | Identified the ring "Zamn" {*Corrode rElec rPois MR+ Int+6} (You found it on level 3 of the Elven Halls)
 52469 | Elf:3    | Cast into level 2 of the Abyss (a deep elf sorcerer)
 52613 | Abyss:2  | Paralysed by accursed screaming for 1 turns
 52737 | Abyss:2  | Gained mutation: You do not regenerate when monsters are visible. [a cacodemon]
 52755 | Elf:3    | Escaped the Abyss
 52910 | Elf:3    | Identified the Volume of the Twelve Moons
 52913 | Elf:3    | Identified Sif Muna's Handbook of the Poisonous Volcanoes
 53455 | Elf:3    | Got an encrusted spear {holy}
 53456 | Elf:3    | Identified the +6 spear of Excruciating Pain {holy, Dex+4} (You took it off a deep elf sorcerer on level 3 of the Elven Halls)
 53461 | Elf:3    | Got an ancient bardiche {antimagic}
 53462 | Elf:3    | Identified the +5 bardiche of Pyromania {antimagic, rElec} (You took it off a deep elf sorcerer on level 3 of the Elven Halls)
 53820 | Depths:1 | Entered Level 1 of the Depths
 54198 | Depths:1 | Received a gift from Okawaru
 54206 | Depths:1 | Reached skill level 5 in Shields
 54566 | Depths:1 | Found a one-way gate to the infinite horrors of the Abyss.
 54582 | Depths:1 | Found an opulent altar of Gozag.
 54675 | Depths:1 | Found a gateway to Hell.
 54837 | Depths:1 | Reached XP level 23. HP: 192/192 MP: 39/39
 55145 | Depths:2 | Received a gift from Okawaru
 55442 | Depths:2 | Reached skill level 19 in Fighting
 55940 | Depths:2 | Learned a level 3 spell: Spectral Weapon
 55944 | Depths:2 | Learned a level 3 spell: Regeneration
 56267 | Depths:2 | Found a gateway to a ziggurat.
 56517 | Depths:2 | Learned a level 5 spell: Lee's Rapid Deconstruction
 56587 | Depths:3 | Reached skill level 1 in Charms
 57016 | Depths:3 | Paralysed by a great orb of eyes for 2 turns
 57390 | Depths:3 | Received a gift from Okawaru
 57574 | Depths:3 | Got a clouded bone ring
 57678 | Depths:3 | Reached skill level 5 in Charms
 57758 | Depths:3 | Found a runed door.
 57761 | Depths:3 | Found a runed door.
 57762 | Depths:3 | Noticed a juggernaut
 58162 | Depths:3 | Reached XP level 24. HP: 203/203 MP: 37/40
 58176 | Depths:3 | Found a one-way gate leading to the halls of Pandemonium.
 58451 | D:11     | Identified the ring of Fyon {+Fly rPois MR+ Str-2 Slay+2} (You took it off a vampire knight on level 3 of the Depths)
 58910 | Depths:3 | Killed a juggernaut
 59177 | Depths:4 | Received a gift from Okawaru
 59212 | Depths:4 | Reached skill level 20 in Fighting
 59279 | Depths:4 | Noticed a caustic shrike
 59297 | Depths:4 | Killed a caustic shrike
 59297 | Depths:4 | Reached skill level 10 in Shields
 59705 | Depths:4 | Noticed a juggernaut
 59815 | Depths:4 | Noticed Jory
 59838 | Depths:4 | Killed Jory
 59846 | Depths:4 | HP: 13/265 [deep troll earth mage (5)]
 59848 | Depths:4 | HP: 2/265 [deep troll earth mage/Lee's Rapid Deconstruction (40)]
 60496 | Depths:4 | Received a gift from Okawaru
 60500 | Depths:4 | Reached skill level 1 in Necromancy
 60889 | Depths:4 | Got a twitching ivory amulet
 60929 | Depths:4 | Killed a juggernaut
 61258 | Depths:4 | Noticed a juggernaut
 61267 | Depths:4 | Killed a juggernaut
 61352 | Depths:4 | Reached skill level 15 in Spellcasting
 61364 | Depths:4 | Found a runed door.
 61830 | Depths:5 | Entered Level 5 of the Depths
 61955 | Depths:5 | Reached XP level 25. HP: 212/212 MP: 40/42
 61964 | Depths:5 | Received a gift from Okawaru
 61965 | Depths:5 | Got a diamond-encrusted chain mail {god gift}
 62008 | Depths:4 | Noticed a juggernaut
 62020 | Depths:4 | Killed a juggernaut
 62338 | Depths:5 | Noticed Mennas
 62351 | Depths:5 | Killed Mennas
 62558 | D:11     | Identified the amulet "Oritimev" {Reflect rPois Str+4 Slay+3 SH+3} (You took it off a spriggan on level 4 of the Depths)
 62806 | Depths:4 | Reached skill level 21 in Fighting
 63069 | Depths:5 | Reached skill level 5 in Necromancy
 63301 | Depths:5 | Found Sewkymme's Armour Emporium.
 63303 | Depths:5 | Found Sinaat Xixaq's Magic Scroll Shoppe.
 63307 | Depths:5 | Found Buebloul's Weapon Emporium.
 63394 | Depths:5 | Noticed Sojobo
 63419 | Depths:5 | Killed Sojobo
 63532 | Depths:5 | Received a gift from Okawaru
 63820 | Depths:5 | Received a gift from Okawaru
 64047 | Depths:5 | Found a gate to the Realm of Zot.
 64511 | Depths:5 | Got a shimmering glaive
 64512 | Depths:5 | Identified the cursed +0 glaive of Blind Justice {freeze, +Rage} (You found it on level 5 of the Depths)
 65472 | Vaults:5 | Entered Level 5 of the Vaults
 65511 | Vaults:4 | Received a gift from Okawaru
 65855 | Vaults:5 | Reached XP level 26. HP: 222/222 MP: 18/42
 65859 | Vaults:5 | Noticed Margery
 65911 | Vaults:4 | Received a gift from Okawaru
 65915 | Vaults:4 | Got a pair of dazzling gloves {god gift}
 66171 | D:11     | Identified the +0 pair of gloves "Xuisch Heud" {rPois Slay+2} (Okawaru gifted it to you on level 4 of the Vaults)
 66489 | Vaults:5 | Reached skill level 15 in Shields
 66575 | Vaults:5 | Got a steaming turquoise ring
 66632 | Vaults:5 | Noticed an ancient lich
 66637 | Vaults:5 | Killed an ancient lich
 66865 | Vaults:4 | Reached skill level 22 in Fighting
 67284 | Vaults:5 | Killed Margery
 67755 | Vaults:5 | Identified the ring "Umucua" {rCorr -Tele rF+ MR++ Slay+6} (You took it off a vault warden on level 5 of the Vaults)
 68297 | Vaults:5 | Identified the Disquisition on Torrid Poison
 68422 | Vaults:5 | Identified the Incunabulum of Optimism
 68425 | Vaults:5 | Got a silver rune of Zot
 69065 | D:8      | Bought a scroll of brand weapon for 200 gold pieces
 69065 | D:8      | Bought a scroll of brand weapon for 200 gold pieces
 69065 | D:8      | Bought a scroll of enchant weapon for 75 gold pieces
 69065 | D:8      | Bought 3 scrolls of enchant weapon for 225 gold pieces
 69274 | Lair:1   | Gained mutation: Potions are less effective at restoring your health. [mutagenic glow]
 69506 | D:11     | Lost mutation: You do not regenerate when monsters are visible. [potion of mutation]
 69506 | D:11     | Lost mutation: Potions are less effective at restoring your health. [potion of mutation]
 69506 | D:11     | Gained mutation: You have a pair of small antennae on your head. [potion of mutation]
 69506 | D:11     | Gained mutation: You are resistant to hostile enchantments. (MR+) [potion of mutation]
 69507 | D:11     | Lost mutation: You are resistant to hostile enchantments. (MR+) [potion of mutation]
 69507 | D:11     | Lost mutation: You have a pair of small antennae on your head. [potion of mutation]
 69507 | D:11     | Gained mutation: Potions are less effective at restoring your health. [potion of mutation]
 69507 | D:11     | Gained mutation: You are partially covered in iridescent scales. (AC +2) [potion of mutation]
 69508 | D:11     | Lost mutation: You are partially covered in iridescent scales. (AC +2) [potion of mutation]
 69508 | D:11     | Lost mutation: Potions are less effective at restoring your health. [potion of mutation]
 69508 | D:11     | Gained mutation: You evolve. [potion of mutation]
 69508 | D:11     | Lost mutation: You evolve. [potion of mutation]
 69508 | D:11     | Gained mutation: You have a pair of small horns on your head. [potion of mutation]
 69508 | D:11     | Gained mutation: You can translocate small distances at will. [potion of mutation]
 69626 | Slime:1  | Entered Level 1 of the Pits of Slime
 70014 | Slime:2  | Received a gift from Okawaru
 70846 | Slime:4  | Gained mutation: Your spells are a little easier to cast, but a little less powerful. [a shining eye]
 70847 | Slime:4  | Gained mutation: Your flesh is heat resistant. (rF+) [a shining eye]
 70848 | Slime:4  | Gained mutation: Your spells are easier to cast, but less powerful. [a shining eye]
 70911 | Slime:4  | Gained mutation: You are clumsy. (Dex -2) [a shining eye]
 70962 | Slime:4  | Reached skill level 23 in Fighting
 71021 | Slime:4  | Gained mutation: Your spells are much easier to cast, but much less powerful. [a shining eye]
 71096 | Slime:4  | Gained mutation: Your magical capacity is low. (-10% MP) [a shining eye]
 71097 | Slime:4  | Gained mutation: Your body sometimes deteriorates upon taking damage. [a shining eye]
 71627 | Slime:5  | Entered Level 5 of the Pits of Slime
 71642 | Slime:5  | Reached XP level 27. HP: 235/235 MP: 30/40
 71824 | Slime:5  | Gained mutation: You occasionally shout uncontrollably at your foes. [a shining eye]
 72309 | Slime:5  | Noticed the Royal Jelly
 72404 | Slime:5  | Found a viscous altar of Jiyva.
 72467 | Slime:5  | Killed the Royal Jelly
 72467 | Slime:5  | Received a gift from Okawaru
 72627 | Slime:4  | HP: 10/306 [acid[the Royal Jelly] (7)]
 72635 | Slime:4  | HP: 15/306 [acid[the Royal Jelly] (9)]
 72639 | Slime:4  | Splashed by an acid blob's acid

Skill      XL: |  1  2  3  4  5  6  7  8  9 10 11 12 13 14 15 16 17 18 19 20 21 22 23 24 25 26 27 |
---------------+----------------------------------------------------------------------------------+-----
Transmutations | 3 4 5 6 7 10 13 16 | 16.2
Unarmed Combat | 4 5 6 7 9 10 | 10.0
Fighting       | 2 3 4 6 8 9 10 12 15 16 17 18 19 20 21 23 | 23.6
Dodging        | 4 6 8 10 11 13 16 19 21 22 | 22.0
Spellcasting   | 3 6 7 9 10 11 12 13 15 17 18 | 18.2
Ice Magic      | 5 |  5.0
Invocations    | 5 8 |  8.0
Earth Magic    | 8 10 | 10.8
Polearms       | 14 17 20 22 | 22.0
Shields        | 4 6 9 11 14 15 | 15.0
Hexes          | 2 5 |  5.0
Poison Magic   | 2 5 |  5.0
Translocations | 4 5 |  5.0
Charms         | 5 |  5.0
Necromancy     | 3 5 |  5.0

Action                   |  1- 3 |  4- 6 |  7- 9 | 10-12 | 13-15 | 16-18 | 19-21 | 22-24 | 25-27 || total
-------------------------+-------+-------+-------+-------+-------+-------+-------+-------+-------++-------
Melee: Unarmed           |    94 |   131 |   333 |   704 |  1611 |  1116 |       |    19 |       ||  4008
       Headbutt          |    11 |       |     1 |       |       |       |       |       |    77 ||    89
       Punch             |     1 |       |     1 |     1 |    29 |    71 |       |       |       ||   103
       Tailslap          |       |       |       |       |    31 |   126 |       |       |       ||   157
       Staff             |       |       |       |       |     1 |       |       |     3 |       ||     4
       Demon trident     |       |       |       |       |       |   181 |  1872 |  1781 |   357 ||  4191
       Spear             |       |       |       |       |       |       |       |    40 |       ||    40
       Trishula          |       |       |       |       |       |       |       |       |   654 ||   654
 Cast: Beastly Appendage |    18 |     4 |     1 |       |       |       |       |       |       ||    23
       Spider Form       |     2 |    22 |    50 |    73 |   102 |       |       |       |       ||   249
       Sticks to Snakes  |       |     2 |    10 |    11 |    60 |    79 |     4 |       |     2 ||   168
       Blade Hands       |       |       |       |     1 |    49 |    84 |       |       |       ||   134
       Ice Form          |       |       |       |       |     1 |       |       |       |       ||     1
       Statue Form       |       |       |       |       |       |    39 |    77 |    79 |    57 ||   252
       Alistair's Intoxi |       |       |       |       |       |       |     8 |       |    12 ||    20
       Yara's Violent Un |       |       |       |       |       |       |     2 |     3 |       ||     5
       Blink             |       |       |       |       |       |       |       |     6 |       ||     6
       Spectral Weapon   |       |       |       |       |       |       |       |    84 |   128 ||   212
       Regeneration      |       |       |       |       |       |       |       |     3 |    54 ||    57
Invok: Heroism           |       |       |     6 |    17 |    40 |    37 |    31 |    20 |    22 ||   173
       Finesse           |       |       |       |       |     7 |     8 |       |       |     4 ||    19
 Abil: End Transformatio |       |       |       |     1 |    13 |     4 |       |     1 |     7 ||    26
Evoke: Wand              |       |       |       |       |     1 |     3 |       |       |       ||     4
  Use: Scroll            |       |     7 |     6 |    17 |    10 |     9 |     4 |     9 |    27 ||    89
       Potion            |       |       |     1 |     2 |     7 |     1 |     2 |     5 |    12 ||    30
 Stab: Sleeping          |     2 |       |     4 |     3 |     1 |     8 |     5 |     6 |       ||    29
       Distracted        |       |       |     1 |     2 |     2 |    15 |     6 |    14 |    24 ||    64
       Paralysed         |       |       |       |       |       |     1 |       |       |       ||     1
       Confused          |       |       |       |       |       |       |     4 |       |     6 ||    10
  Eat: Chunk             |     3 |    10 |    14 |    21 |    52 |    61 |    53 |    36 |    28 ||   278
       Ration            |       |     1 |     3 |     3 |     3 |     3 |     4 |     8 |     7 ||    32
Armor: Robe              |    14 |    11 |     4 |     4 |       |     3 |     1 |     2 |     3 ||    42
       Skin              |     2 |     4 |    14 |    34 |    38 |   264 |   297 |   435 |   250 ||  1338
       Leather armour    |       |       |       |     2 |    66 |    47 |       |       |       ||   115
Dodge: Dodged            |    58 |   117 |   326 |   783 |  2055 |  2759 |  1887 |  2517 |  1110 || 11612
Block: Buckler           |       |       |       |       |       |   375 |   795 |  1042 |   329 ||  2541
       Shield            |       |       |       |       |       |       |       |       |   474 ||   474
       Reflection        |       |       |       |       |       |       |       |       |     7 ||     7
